 Dungeon Crawl Stone Soup version 0.26.1-11-gd32895ea62 (webtiles) character file.

Game seed: 17360428411777119752

935 miket3c the Chopper (level 8, -2/48 HPs)
             Began as a Gargoyle Fighter on Apr 24, 2021.
             Slain by Prince Ribbit (7 damage)
             ... on level 5 of the Dungeon.
             The game lasted 00:30:03 (7674 turns).

miket3c the Chopper (Gargoyle Fighter)              Turns: 7674, Time: 00:30:04

Health: -2/48      AC: 14    Str: 20    XL:     8   Next: 11%
Magic:  8/8        EV:  8    Int: 10    God:
Gold:   339        SH:  9    Dex: 10    Spells: 7/7 levels left

rFire    . . .     SeeInvis .   a - +0 war axe
rCold    . . .     Faith    .   c - +0 kite shield
rNeg     + . .     Spirit   .   b - +0 scale mail
rPois    ∞         Reflect  .   e - +0 helmet
rElec    +         Harm     .   (no cloak)
rCorr    .         Rampage  .   (no gloves)
Will     .....                  (no boots)
Stlth    ..........             (no amulet)
HPRegen  0.16/turn              (no ring)
MPRegen  0.11/turn              (no ring)

@: no status effects
A: negative energy resistance 1, electricity resistance, unbreathing,
petrification resistance, miasma immunity, AC +5
a: no special abilities


You were on level 5 of the Dungeon.
You visited 2 branches of the dungeon, and saw 6 of its levels.

You collected 339 gold pieces.

Inventory:

Hand Weapons
 a - a +0 war axe (weapon)
Armour
 b - a +0 scale mail (worn)
 c - a +0 kite shield (worn)
 e - a +0 helmet (worn)
Jewellery
 k - a cursed ring of attention {unknown}
 p - an uncursed ring of flight {unknown}
 t - an uncursed ring of ice {unknown}
Wands
 w - a wand of random effects (8)
Scrolls
 f - 10 scrolls of identify {unknown}
 g - 3 scrolls of remove curse {unknown}
 h - 3 scrolls of enchant armour {unknown}
 i - 6 scrolls of teleportation {unknown}
 j - a scroll of fear {unknown}
 l - 3 scrolls of enchant weapon {unknown}
 o - a scroll of immolation {unknown}
 s - 2 scrolls of amnesia {unknown}
 u - a scroll of fog {unknown}
Potions
 d - a potion of might
 m - a potion of brilliance {unknown}
 n - a potion of magic {unknown}
 q - 2 potions of lignification {unknown}
 r - 2 potions of curing {unknown}
 v - a potion of resistance {unknown}


   Skills:
 + Level 4.4 Fighting
 * Level 6.6 Axes
 + Level 4.5 Armour
 + Level 1.1 Dodging
 + Level 0.4 Stealth
 + Level 5.0 Shields


You had 7 spell levels left.
You didn't know any spells.
Your spell library contained the following spells:

 Spells                   Type           Power        Failure   Level
 Corona                   Hex            0%           98%         1
 Ensorcelled Hibernation  Hex/Ice        0%           99%         2
 Confusing Touch          Hex            0%           100%        3
 Dazzling Flash           Conj/Hex       0%           100%        3
 Gell's Gravitas          Tloc           0%           100%        3
 Tukima's Dance           Hex            0%           100%        3
 Petrify                  Tmut/Erth      0%           100%        4
 Metabolic Englaciation   Hex/Ice        0%           100%        5
 Yara's Violent Unravell  Hex/Tmut       0%           100%        5


Dungeon Overview and Level Annotations

Branches:
Dungeon (5/15)             Temple (1/1) D:4

Altars:
Ashenzari
Cheibriados
Elyvilon
Fedhas
Hepliaklqana
Okawaru
Qazlal
Ru
Sif Muna
Uskayaw
Vehumet
Wu Jian
Yredelemnul
The Shining One

Annotations:
D:5 Prince Ribbit


Innate Abilities, Weirdness & Mutations

You are resistant to torment.
Your stone body is resilient. (AC +5)
You are immune to poison.
You resist negative energy. (rN+)
You are resistant to electric shocks. (rElec)
You can survive without breathing.
You are immune to petrification.
You are immune to miasma.


Message History

The bullfrog zombie is almost destroyed.
The bullfrog zombie hits you but does no damage.
You slash the bullfrog zombie!
You destroy the bullfrog zombie!
You slash Prince Ribbit! Prince Ribbit hits you.
* * * LOW HITPOINT WARNING * * *
Your shield and scale mail prevent you from hitting Prince Ribbit.
Prince Ribbit is lightly wounded.
You block Prince Ribbit's attack.
Prince Ribbit hits you but does no damage.
You hit Prince Ribbit.
Prince Ribbit is moderately wounded.
You block Prince Ribbit's attack.
Prince Ribbit blinks!
You closely miss Prince Ribbit.
Prince Ribbit is moderately wounded.
You block Prince Ribbit's attack. x2
You barely miss Prince Ribbit.
Prince Ribbit is moderately wounded.
You block Prince Ribbit's attack. Prince Ribbit hits you!
You die...

... #.? ..# ..###
..###### #### #...
#......# ....##..##
#..P.P.## #..##..#
#..._...#
#)....###..P.P..#
###...@F..))......#
............<.)......
#.....#.....#####....
......###.#...# .
##### #.........
###.###### ..# #..#
#..#


You could see Prince Ribbit.

Vanquished Creatures
  Eustachio (D:4)
  A sky beast (D:5)
  A phantom (D:4)
  A scorpion (D:4)
  A water moccasin skeleton (D:5)
  3 howler monkeys
  A bullfrog zombie (D:5)
  2 hounds
  A quasit (D:5)
  2 worker ants (D:4)
  A hound zombie (D:5)
  11 adders
  3 worms
  3 dart slugs
  7 leopard geckos
  6 orcs
  6 giant cockroaches
  11 goblins
  5 hobgoblins
  9 jackals
  4 quokkas
  7 bats
  4 frilled lizards
  7 kobolds
  A quokka skeleton (D:4)
  4 rats
103 creatures vanquished.

Vanquished Creatures (others)
  A plant (D:3)
1 creature vanquished.

Grand Total: 104 creatures vanquished

Notes
Turn   | Place    | Note
-------+----------+-------------------------------------------
     0 | D:1      | miket3c the Gargoyle Fighter began the quest for the Orb.
     0 | D:1      | Reached XP level 1. HP: 14/14 MP: 1/1
   452 | D:1      | Reached skill level 2 in Axes
   452 | D:1      | Reached XP level 2. HP: 17/19 MP: 2/2
  2724 | D:2      | Reached XP level 3. HP: 23/23 MP: 3/3
  2901 | D:2      | Reached XP level 4. HP: 28/28 MP: 4/4
  3620 | D:3      | Reached skill level 3 in Axes
  3944 | D:3      | Found a glowing golden altar of the Shining One.
  4030 | D:3      | Reached XP level 5. HP: 30/33 MP: 5/5
  4543 | D:4      | Found a staircase to the Ecumenical Temple.
  5967 | D:4      | Reached skill level 4 in Axes
  6296 | D:4      | Reached XP level 6. HP: 38/38 MP: 6/6
  6416 | D:4      | Noticed Eustachio
  6438 | D:4      | Killed Eustachio
  6461 | D:4      | Reached skill level 5 in Axes
  6732 | D:4      | Noticed a phantom
  6739 | D:4      | Reached XP level 7. HP: 33/43 MP: 7/7
  7361 | Temple   | Entered the Ecumenical Temple
  7599 | D:5      | Entered Level 5 of the Dungeon
  7599 | D:5      | Found a basalt altar of Yredelemnul.
  7608 | D:5      | Reached skill level 6 in Axes
  7608 | D:5      | Reached skill level 1 in Dodging
  7631 | D:5      | Reached skill level 5 in Shields
  7651 | D:5      | Noticed Prince Ribbit
  7653 | D:5      | Reached XP level 8. HP: 48/48 MP: 8/8
  7674 | D:5      | Slain by Prince Ribbit

Illustrated notes

Levels and vault maps discovered:
D:1:      matt_arrival_debris, layout_basic
D:2:      layout_rooms
D:3:      minmay_angry_zag, layout_basic, tso_oasis_becter
D:4:      layout_basic, minmay_temple_entry_offerings, minmay_mini_jars,
          uniq_eustachio
D:5:      minmay_evil_eye, layout_rooms, kennysheep_vampire_church,
          yredelemnul_altar_generic, lemuel_crystal_altar, uniq_prince_ribbit1
Temple:   minmay_temple_bridge_abc

Skill      XL: |  1  2  3  4  5  6  7 |
---------------+----------------------+-----
Axes           | 2 3 4 5 6 |  6.6
Shields        | 4 5 |  5.0
Armour         | 4 |  4.5
Fighting       | 4 |  4.4
Dodging        | 1 |  1.1
Stealth        | |  0.4

Action                   |  1- 3 |  4- 6 |  7- 9 || total
-------------------------+-------+-------+-------++-------
Melee: War axe           |   122 |   226 |   117 ||   465
Armor: Scale mail        |    74 |   132 |    76 ||   282
Dodge: Dodged            |    42 |    77 |    39 ||   158
Block: Kite shield       |    61 |   131 |    64 ||   256
